 Dungeon Crawl Stone Soup version 0.20-a0-432-g25cc1b4 (webtiles) character file.

43 Kriby the Magician (level 3, -5/24 HPs)
             Began as a Mummy Fire Elementalist on Jan 2, 2017.
             Slain by a gnoll
             ... wielding a +0 flail
              (10 damage)
             ... on level 2 of the Dungeon.
             The game lasted 00:01:28 (1926 turns).

Kriby the Magician (Mummy Fire Elementalist)        Turns: 1926, Time: 00:01:29

Health: -5/24      AC:  3    Str: 11    XL:     3   Next: 37%
Magic:  3/7        EV: 12    Int: 15    God:
Gold:   59         SH:  0    Dex: 12    Spells: 7/8 levels left

rFire  x . .     SeeInvis .     d - +0 dagger
rCold  + . .     Gourm    .     a - +0 robe
rNeg   + + +     Faith    .     (no shield)
rPois  ∞         Spirit   .     (no helmet)
rElec  .         Reflect  .     (no cloak)
rCorr  .         Harm     .     e - +0 pair of gloves
MR     .....                    (no boots)
Stlth  ++........               (no amulet)
                                (no ring)
                                (no ring)

@: no status effects
A: no food or potions, fire vulnerability, cold resistance 1, negative energy
resistance 3, torment resistance, unbreathing
a: no special abilities


You were on level 2 of the Dungeon.
You were not hungry.

You visited 1 branch of the dungeon, and saw 2 of its levels.

You collected 59 gold pieces.

Inventory:

Hand Weapons
 d - a +0 dagger (weapon)
Armour
 a - a +0 robe (worn)
 e - a +0 pair of gloves (worn)
Scrolls
 c - a scroll of enchant weapon {unknown}
 f - a scroll of teleportation {unknown}
Books
 b - a book of Flames

   Spells                             Type                      Level
   a - Flame Tongue                   Conjuration/Fire             1
   b - Throw Flame                    Conjuration/Fire             2
   c - Conjure Flame                  Conjuration/Fire             3
   d - Inner Flame                    Hexes/Fire                   3
   e - Sticky Flame                   Conjuration/Fire             4
   f - Fireball                       Conjuration/Fire             5


   Skills:
 - Level 1.5 Dodging
 - Level 1.5 Stealth
 + Level 3.2 Spellcasting
 * Level 1.9 Conjurations
 + Level 2.8 Fire Magic


You had 7 spell levels left.
You knew the following spells:

 Your Spells              Type           Power        Failure   Level  Hunger
a - Flame Tongue          Conj/Fire      #....        10%         1    N/A

Dungeon Overview and Level Annotations

Branches:
Dungeon (2/15)

Altars:


Innate Abilities, Weirdness & Mutations

You do not eat or drink.
Your flesh is vulnerable to fire.
You are immune to poison.
Your flesh is cold resistant. (rC+)
You are immune to negative energy. (rN+++)
You are immune to unholy pain and torment.
You can survive without breathing.


Message History

There are monsters nearby!
Casting: Flame Tongue
Confirm with . or Enter, or press ? or * to list all spells.
Aiming: Flame Tongue
Press: ? - help, Shift-Dir - straight line, f/p - gnoll
Aim: a gnoll, wielding a flail The flame tongue hits the gnoll.
The gnoll is severely wounded.
The gnoll hits you with a flail! The gnoll completely misses you.
The gnoll hits you from afar with a spear.
* * * LOW HITPOINT WARNING * * *
Casting: Flame Tongue
Confirm with . or Enter, or press ? or * to list all spells.
Aiming: Flame Tongue
Press: ? - help, Shift-Dir - straight line, f/p - gnoll
Aim: a gnoll, wielding a flail (severely wounded)
The flame tongue hits the gnoll.
The gnoll appears unharmed.
The gnoll is severely wounded.
The gnoll hits you with a flail!
You die...

#.#...### ####.......#
..........# #####
#...$....###...#
###....... ......#
.....g.g.#####...#
#....g......<...#######
###@.#####..........
#....#####.###.#####
#.#........# #..#
#.########^# #..#### #
#......##.. ###........
###.##.# .# # .. #


You could see 3 gnolls.

Vanquished Creatures
  An adder (D:2)
  A giant cockroach (D:2)
  5 goblins
  7 hobgoblins
  6 bats
  A frilled lizard (D:2)
  7 kobolds
  5 rats
33 creatures vanquished.

Notes
Turn   | Place    | Note
-------+----------+-------------------------------------------
     0 | D:1      | Kriby the Mummy Fire Elementalist began the quest for the Orb.
     0 | D:1      | Reached XP level 1. HP: 13/13 MP: 4/4
   129 | D:1      | Reached skill level 1 in Conjurations
   386 | D:1      | Reached XP level 2. HP: 19/19 MP: 3/5
   666 | D:1      | Reached skill level 3 in Spellcasting
  1637 | D:2      | Reached XP level 3. HP: 24/24 MP: 1/7
  1926 | D:2      | Slain by a gnoll

Vault maps used:
D:1:      elethiomel_arrival_shortcut
D:2:      chequers_ecumenical_altar_twisty

Skill      XL: |  1  2 |
---------------+-------+-----
Conjurations   | 1 |  1.9
Spellcasting   | 3 |  3.2
Dodging        | |  1.5
Stealth        | |  1.5
Fire Magic     | |  2.8

Action                   || total
-------------------------++-------
Melee: Dagger            ||    14
 Cast: Flame Tongue      ||    64
Armor: Robe              ||     5
Dodge: Dodged            ||    29
